 Dungeon Crawl Stone Soup version 0.18.1-48-g4cf74bf (webtiles) character file.

6755 WarriorsX the Destroyer (level 10, -6/70 HPs)
             Began as a High Elf Fire Elementalist on Aug 8, 2016.
             Was a High Priest of Vehumet.
             Mangled by a vampire (9 damage)
             ... on level 11 of the Dungeon.
             The game lasted 01:02:31 (14740 turns).

WarriorsX the Destroyer (HEFE)                     Turns: 14740, Time: 01:02:32

Health: -6/70      AC:  9    Str:  7    XL:     10   Next: 75%
Magic:  4/20       EV: 13    Int: 24    God:    Vehumet [*****.]
Gold:   572        SH:  0    Dex: 17    Spells: 5 memorised, 11 levels left

rFire  + + .     SeeInvis .     (no weapon)
rCold  + . .     Gourm    .     A - +1 robe {rC+ rF+}
rNeg   . . .     Faith    +     (no shield)
rPois  +         Spirit   .     (no helmet)
rElec  .         Dismiss  .     p - +0 cloak
rCorr  .         Reflect  .     f - +0 pair of gloves
SustAt .         Harm     .     (no boots)
MR     +....                    g - amulet of faith
Stlth  +.........               y - ring of protection from fire
                                r - ring of wizardry

@: confused, very slightly contaminated, invisible (expiring), somewhat
resistant to hostile enchantments, very unstealthy
A: large bone plates 1, rugged brown scales 2, blurry vision 1, clever 1, low mp
1, mutation resistance 1, poison resistance, robust 2, MP-powered wands
a: Renounce Religion


You were on level 11 of the Dungeon.
You worshipped Vehumet.
Vehumet was extremely pleased with you.
You were near starving.

You visited 1 branch of the dungeon, and saw 11 of its levels.

You collected 572 gold pieces.

Inventory:

Missiles
 h - 4 javelins of penetration (quivered)
Armour
 f - a +0 pair of gloves (worn)
 p - a +0 cloak (worn)
 u - a +1 leather armour of poison resistance
 A - a +1 robe of resistance (worn)
 C - a +1 pair of gloves
Jewellery
 g - an amulet of faith (around neck)
 j - a cursed amulet of inaccuracy {unknown}
 k - an uncursed amulet of rage
 r - a ring of wizardry (left hand)
 y - a ring of protection from fire (right hand)
 I - an uncursed amulet of magic regeneration {unknown}
 K - a cursed -2 ring of evasion {unknown}
Wands
 n - a wand of random effects (36/48)
 t - a wand of slowing (26/48)
 E - a wand of slowing (21/48)
Scrolls
 e - a scroll of amnesia
 i - 10 scrolls of identify
 m - 4 scrolls of blinking {unknown}
 o - a scroll of noise {unknown}
 q - a scroll of enchant weapon
 v - 6 scrolls of remove curse
 w - 2 scrolls of fog
 x - 2 scrolls of teleportation
 z - a scroll of acquirement {unknown}
Potions
 a - 3 potions of curing
 d - a potion of resistance
 s - a potion of ambrosia
 B - a potion of cure mutation {unknown}
 D - 2 potions of brilliance {unknown}
 F - a potion of degeneration {unknown}
 H - a potion of haste {unknown}
Books
 b - a book of Flames

   Spells                             Type                      Level
   a - Flame Tongue                   Conjuration/Fire             1
   b - Throw Flame                    Conjuration/Fire             2
   c - Conjure Flame                  Conjuration/Fire             3
   d - Inner Flame                    Hexes/Fire                   3
   e - Sticky Flame                   Conjuration/Fire             4
   f - Fireball                       Conjuration/Fire             5
 l - a book of Power

   Spells                             Type                      Level
   a - Fulminant Prism                Conjuration/Hexes            4
   b - Iskenderun's Mystic Blast      Conjuration                  4
   c - Venom Bolt                     Conjuration/Poison           5
   d - Bolt of Magma                  Conjuration/Fire/Earth       5
   e - Iron Shot                      Conjuration/Earth            6
   f - Orb of Destruction             Conjuration                  7
   g - Spellforged Servitor           Conjuration/Summoning        7
Comestibles
 c - 8 bread rations
 G - 2 meat rations


   Skills:
 - Level 5.4 Armour
 - Level 2.1 Dodging
 - Level 2.1 Stealth
 - Level 8.0 Spellcasting
 + Level 8.5 Conjurations
 - Level 8.4 Fire Magic
 - Level 8.1 Ice Magic


You had 11 spell levels left.
You knew the following spells:

 Your Spells              Type           Power        Failure   Level  Hunger
a - Flame Tongue          Conj/Fire      #####        1%          1    None
b - Throw Flame           Conj/Fire      ######       1%          2    None
c - Throw Frost           Conj/Ice       #####.       1%          2    None
d - Iskenderun's Mystic   Conj           ######..     1%          4    ##.....
e - Fireball              Conj/Fire      ######....   1%          5    #####..


Dungeon Overview and Level Annotations

Branches:
Dungeon (11/15)            Temple (0/1) D:7            Lair (0/8) D:8
    Orc (0/2) D:10

Altars:
Cheibriados
Elyvilon
Fedhas
Gozag
Makhleb
Okawaru
Ru
Sif Muna
Trog
Vehumet
Xom
Yredelemnul
The Shining One
Beogh

Annotations:
D:3 torvon's ghost, amateur DrAK
D:5 nikopol's ghost, novice HOFi


Innate Abilities, Weirdness & Mutations

You are partially covered in large bone plates (AC +2, SH +2).
You are mostly covered in rugged brown scales (AC +2, +5% HP).
Scrolls take you a little longer to read.
Your mind is acute. (Int +2)
Your magical capacity is low (-10% MP).
You are somewhat resistant to further mutation.
Your system is resistant to poisons.
You are very robust (+20% HP).
You expend magic power (3 MP) to strengthen your wands.


Message History

You're too confused to cast spells.
You're too confused!
A shadow imp is nearby!
The shadow imp completely misses you. Something hits you. Something bites you.
* * * LOW HITPOINT WARNING * * *
Something draws strength from your injuries!
The shadow imp hits you but does no damage.
Something hits you.
* * * LOW HITPOINT WARNING * * *
Something bites you.
* * * LOW HITPOINT WARNING * * *
Something draws strength from your injuries!
The shadow imp closely misses you. Something hits you!
* * * LOW HITPOINT WARNING * * *
Something bites you.
* * * LOW HITPOINT WARNING * * *
Something draws strength from your injuries!
The shadow imp hits you but does no damage.
Something hits you!
You die...

##
#+.##
#.5{#
#.@#
####


You could see a shadow imp.

Vanquished Creatures
  A merfolk (D:9)
  A wyvern (D:10)
  2 hippogriffs
  Menkaure (D:6)
  2 wargs (D:8)
  4 sky beasts
  3 ice beasts
  A black bear (D:10)
  5 orc warriors
  2 necrophages
  A wasp (D:8)
  6 ogres
  5 phantoms
  5 centaurs
  A big kobold (D:4)
  A wyvern zombie (D:10)
  7 giant frogs
  A scorpion (D:8)
  8 wights
  3 howler monkeys
  7 crimson imps
  A giant frog zombie (D:6)
  A quasit (D:7)
  6 hounds
  Crazy Yiuf (D:2)
  A giant frog skeleton (D:7)
  7 orc priests
  3 centaur skeletons
  An iguana (D:9)
  2 jellies (D:8)
  7 orc wizards
  Terence (D:3)
  7 worker ants
  A killer bee zombie (D:8)
  A hound zombie (D:10)
  2 hound skeletons
  A howler monkey skeleton (D:7)
  13 gnolls
  6 adders
  A shadow imp (D:10)
  3 worms
  3 dart slugs
  6 giant geckos
  49 orcs
  3 giant cockroaches
  10 hobgoblins
  16 jackals
  5 quokkas
  2 ball pythons (D:3)
  6 bats
  A giant newt (D:4)
  9 goblins
  A jackal skeleton (D:4)
  6 kobolds
  8 rats
258 creatures vanquished.

Vanquished Creatures (others)
  A wizard (D:5)
1 creature vanquished.

Grand Total: 259 creatures vanquished

Notes
Turn   | Place    | Note
--------------------------------------------------------------
     0 | D:1      | WarriorsX the High Elf Fire Elementalist began the quest for the Orb.
     0 | D:1      | Reached XP level 1. HP: 11/11 MP: 4/4
   615 | D:1      | Reached XP level 2. HP: 17/17 MP: 4/6
   958 | D:2      | Reached XP level 3. HP: 21/21 MP: 4/7
  1320 | D:2      | Reached XP level 4. HP: 24/27 MP: 5/8
  1367 | D:2      | Reached skill level 5 in Fire Magic
  1557 | D:2      | Found a shimmering altar of Xom.
  1959 | D:2      | Found a radiant altar of Vehumet.
  1972 | D:2      | Became a worshipper of Vehumet
  2234 | D:2      | Found a sacrificial altar of Ru.
  2378 | D:2      | Noticed Crazy Yiuf
  2387 | D:2      | Killed Crazy Yiuf
  2387 | D:2      | Reached XP level 5. HP: 12/31 MP: 4/11
  2537 | D:2      | Learned a level 2 spell: Throw Flame
  2997 | D:3      | Noticed torvon's ghost (amateur DrAK)
  3075 | D:3      | Noticed Terence
  3075 | D:3      | Noticed a necrophage
  3091 | D:2      | Killed a necrophage
  3091 | D:2      | Reached skill level 5 in Spellcasting
  3218 | D:2      | Reached XP level 6. HP: 27/35 MP: 6/15
  3231 | D:3      | Reached * piety under Vehumet
  3231 | D:3      | Offered knowledge of Sandblast by Vehumet.
  3303 | D:3      | Killed Terence
  4144 | D:3      | Noticed an ice beast
  4146 | D:3      | Found an iron altar of Okawaru.
  4147 | D:3      | Killed an ice beast
  4147 | D:3      | Offered knowledge of Throw Frost by Vehumet.
  4147 | D:3      | Reached XP level 7. HP: 40/40 MP: 3/16
  4262 | D:2      | Reached ** piety under Vehumet
  4431 | D:4      | Learned a level 2 spell: Throw Frost
  4666 | D:4      | Reached skill level 5 in Conjurations
  4913 | D:4      | Reached skill level 1 in Ice Magic
  5450 | D:4      | You fall through a shaft for 3 floors!
  5724 | D:7      | Reached XP level 8. HP: 18/46 MP: 5/17
  5958 | D:7      | Reached skill level 5 in Ice Magic
  5978 | D:7      | Offered knowledge of Ignite Poison by Vehumet.
  6198 | D:7      | Found a glowing golden altar of the Shining One.
  6245 | D:6      | Noticed Menkaure
  6247 | D:5      | Entered Level 5 of the Dungeon
  6338 | D:5      | Found a basalt altar of Yredelemnul.
  6377 | D:5      | Noticed nikopol's ghost (novice HOFi)
  6801 | D:5      | Found a deep blue altar of Sif Muna.
  6905 | D:5      | Reached skill level 1 in Armour
  6920 | D:5      | Gained mutation: You are robust (+10% HP). [potion of mutation]
  6920 | D:5      | Gained mutation: Scrolls take you a little longer to read. [potion of mutation]
  6920 | D:5      | Gained mutation: You are partially covered in rugged brown scales (AC +1, +3% HP). [potion of mutation]
  7246 | D:5      | Found an opulent altar of Gozag.
  7284 | D:5      | Found a bloodstained altar of Trog.
  7289 | D:5      | Noticed a wizard
  7295 | D:5      | Killed a wizard
  7327 | D:5      | Reached *** piety under Vehumet
  7900 | D:6      | Killed Menkaure
  7906 | D:6      | Learned a level 4 spell: Iskenderun's Mystic Blast
  8475 | D:6      | Reached skill level 5 in Armour
  8481 | D:6      | Gained mutation: You expend magic power (3 MP) to strengthen your wands. [mutagenic meat]
  8627 | D:6      | Reached XP level 9. HP: 57/57 MP: 4/18
  8840 | D:7      | Found a staircase to the Ecumenical Temple.
  8859 | D:7      | Offered knowledge of Throw Icicle by Vehumet.
  8873 | D:7      | Learned a level 5 spell: Fireball
  9180 | D:7      | Found a white marble altar of Elyvilon.
  9182 | D:7      | Found a burning altar of Makhleb.
  9188 | D:7      | Found a blossoming altar of Fedhas.
  9662 | D:7      | Found a snail-covered altar of Cheibriados.
  9931 | D:8      | Found a staircase to the Lair.
 10062 | D:8      | Reached **** piety under Vehumet
 10283 | D:8      | Gained mutation: You are mostly covered in rugged brown scales (AC +2, +5% HP). [mutagenic meat]
 10284 | D:8      | Gained mutation: You are partially covered in large bone plates (AC +2, SH +2). [mutagenic meat]
 10285 | D:8      | Gained mutation: Your magical capacity is low (-10% MP). [mutagenic meat]
 10293 | D:8      | Offered knowledge of Force Lance by Vehumet.
 10726 | D:8      | Reached XP level 10. HP: 64/64 MP: 15/19
 12343 | D:8      | Gained mutation: Your mind is acute. (Int +2) [mutagenic meat]
 12345 | D:8      | Gained mutation: Your system is resistant to poisons. [mutagenic meat]
 12346 | D:8      | Gained mutation: You are very robust (+20% HP). [mutagenic meat]
 12347 | D:8      | Gained mutation: You are somewhat resistant to further mutation. [mutagenic meat]
 12755 | D:10     | Entered Level 10 of the Dungeon
 12775 | D:10     | Reached ***** piety under Vehumet
 13075 | D:10     | Offered knowledge of Bolt of Draining by Vehumet.
 13083 | D:10     | Found a roughly hewn altar of Beogh.
 13083 | D:10     | Found a staircase to the Orcish Mines.
 13489 | D:10     | Noticed a gargoyle
 14343 | D:10     | Noticed a green ugly thing
 14739 | D:11     | HP: 3/70 [something (4)]
 14740 | D:11     | Mangled by a vampire

Skill      XL: |  1  2  3  4  5  6  7  8  9 10 |
---------------+-------------------------------+-----
Fire Magic     | 4 5 6 8 |  8.4
Spellcasting   | 3 5 7 8 |  8.0
Conjurations   | 4 5 7 8 |  8.5
Ice Magic      | 4 6 7 8 |  8.1
Armour         | 5 |  5.4
Dodging        | |  2.1
Stealth        | |  2.1

Action                   |  1- 3 |  4- 6 |  7- 9 | 10-12 || total
-------------------------+-------+-------+-------+-------++-------
Melee: Unarmed           |     8 |     2 |    44 |     3 ||    57
 Cast: Flame Tongue      |    42 |    92 |   171 |   131 ||   436
       Throw Flame       |       |    50 |   102 |    69 ||   221
       Throw Frost       |       |       |    38 |    10 ||    48
       Iskenderun's Myst |       |       |    22 |     8 ||    30
       Fireball          |       |       |     6 |    21 ||    27
  Use: Scroll            |       |     7 |     2 |       ||     9
       Potion            |       |       |     8 |     1 ||     9
 Stab: Sleeping          |     1 |       |       |       ||     1
  Eat: Chunk             |     1 |     9 |    22 |    16 ||    48
       Meat ration       |       |       |     1 |     1 ||     2
       Royal jelly       |       |       |     1 |       ||     1
       Pizza             |       |       |     1 |       ||     1
Armor: Leather armour    |     6 |    15 |    47 |     2 ||    70
       Skin              |       |       |    14 |       ||    14
       Robe              |       |       |       |    55 ||    55
Dodge: Dodged            |    15 |    47 |    97 |    81 ||   240
Block: Other             |       |       |     2 |     5 ||     7
